Map: Triton LE

Players

uThermal

  • Race: Terran Terran
  • Spawn Location: 11:00

Rail - Winner!

  • Race: Protoss Protoss
  • Spawn Location: 5:00

Event: IEM Katowice 2020

VOD

Have the link to the VOD?

Description

Time

  • Played on: Feb. 25, 2020, 9:23 a.m.
  • Length: 12:15

All games in this series

Show
View Real Time Build Order
Export as new Build Order

uThermal Terran 

Build Orders: Reaper Expand, Banshee Rush 

Get SALT Encoding   

  12  0:01  SCV  
  13  0:13  SCV  
  14  0:17  Supply Depot  
  14  0:25  SCV  
  15  0:38  SCV  
  15  0:39  Barracks  
  16  0:43  Refinery  
  16  0:50  SCV  
  17  1:02  SCV  
  18  1:15  SCV  
  19  1:26  Reaper  
  19  1:27  Orbital Command  
  20  1:39  Command Center  
  20  1:46  Supply Depot  
  20  1:53  SCV  
  21  1:58  Marine  
  22  2:05  SCV  
  22  2:07  Factory  
  23  2:12  Refinery  
  23  2:17  SCV  
  23  2:20  Barracks Reactor  
  24  2:29  SCV  
  25  2:41  SCV  
  26  2:51  Hellion, Orbital Command  
  26  2:52  Starport  
  26  2:53  SCV  
  26  2:56  Marine  
  26  2:57  Marine  
  31  3:05  SCV  
  32  3:13  Factory Tech Lab  
  32  3:14  Marine x2  
  32  3:17  SCV  
  32  3:18  SCV  
  36  3:27  Supply Depot  
  36  3:29  SCV  
  36  3:30  SCV  
  36  3:32  Marine x2  
  40  3:34  Banshee  
  40  3:38  Cloaking Field, Factory Tech Lab  
  42  3:41  SCV  
  42  3:42  SCV  
  44  3:50  Marine x2  
  44  3:54  SCV x2  
  46  3:56  Supply Depot  
  46  3:57  Siege Tank  
  49  4:06  SCV  
  49  4:07  SCV  
  49  4:08  Marine x2  
  53  4:12  Supply Depot  
  53  4:17  Banshee  
  53  4:18  SCV  
  53  4:21  SCV  
  58  4:25  Supply Depot  
  58  4:26  Marine x2  
  58  4:30  SCV  
  61  4:36  SCV  
  61  4:37  Siege Tank  
  65  4:42  SCV, Command Center  
  65  4:43  Marine x2  
  68  4:48  SCV  
  69  4:55  SCV  
  69  4:57  Barracks x2  
  70  5:00  SCV  
  70  5:01  Marine x2  
  70  5:07  SCV  
  73  5:09  Refinery x2  
  73  5:12  SCV  
  74  5:15  Starport Reactor  
  74  5:19  SCV, Marine x2  
  77  5:24  SCV  
  77  5:27  Factory Reactor, Engineering Bay x2  
  75  5:31  SCV  
  75  5:35  Supply Depot  
  76  5:36  SCV  
  76  5:37  Marine  
  78  5:50  SCV  
  78  5:51  Marine  
  78  5:52  SCV  
  73  5:57  Marine  
  73  6:02  SCV  
  71  6:04  SCV  
  71  6:06  Combat Shield, Stimpack  
  71  6:07  Marine x2  
  71  6:11  Terran Infantry Weapons Level 1, Terran Infantry Armor Level 1  
  66  6:15  SCV  
  66  6:16  SCV  
  66  6:20  Marine  
  68  6:25  Widow Mine x2  
  68  6:26  Marauder  
  68  6:27  SCV, Medivac, Barracks x2  
  71  6:33  Missile Turret  
  71  6:35  Orbital Command  
  71  6:36  SCV  
  71  6:38  Marine  
  71  6:40  Medivac  
  71  6:42  SCV  
  71  6:45  Marine  
  77  6:47  Widow Mine  
  77  6:48  SCV  
  77  6:49  Widow Mine  
  77  6:52  Missile Turret  
  77  6:54  SCV, Marine  
  81  6:58  Marauder  
  81  7:00  SCV x2  
  86  7:02  Medivac  
  86  7:06  SCV  
  89  7:09  Supply Depot  
  89  7:12  SCV, Medivac  
  89  7:13  SCV  
  93  7:16  Barracks Tech Lab x2  
  93  7:19  SCV, Marine x2  
  93  7:21  Marine  
  93  7:22  Armory, Marine  
  98  7:24  SCV  
  98  7:25  SCV  
  98  7:26  Starport  
  100  7:31  SCV  
  100  7:33  Sensor Tower  
  100  7:34  Supply Depot  
  100  7:35  Missile Turret  
  100  7:36  Refinery  
  100  7:37  SCV x2, Refinery  
  102  7:38  Marine  
  102  7:39  Marauder, Marine x2  
  102  7:43  SCV  
  109  7:46  Viking x2  
  109  7:50  Supply Depot  
  113  7:51  Supply Depot  
  113  7:55  Concussive Shells, Marine  
  113  7:56  Marauder  
  116  8:01  Supply Depot  
  116  8:04  Viking x2  
  120  8:09  Missile Turret  
  120  8:10  Missile Turret  
  120  8:12  Terran Infantry Weapons Level 2  
  120  8:16  Terran Infantry Armor Level 2, Marine  
  120  8:17  Marine  
  122  8:20  Marine x2  
  122  8:21  Marauder  
  126  8:28  Viking  
  126  8:30  Viking  
  126  8:32  Marine  
  131  8:37  Supply Depot, Marine x2  
  131  8:38  Marauder  
  131  8:39  Supply Depot  
  134  8:42  Viking  
  134  8:44  Viking  
  134  8:46  Terran Ship Weapons Level 1  
  138  8:49  Marauder  
  138  8:51  Marauder  
  138  8:54  Supply Depot  
  142  9:00  Ghost Academy  
  142  9:01  Missile Turret  
  142  9:02  Supply Depot  
  142  9:03  Marauder x2  
  142  9:09  Viking  
  148  9:18  Marauder x2  
  148  9:20  Command Center  
  152  9:25  Marauder  
  152  9:27  Missile Turret  
  152  9:30  Viking  
  152  9:31  Viking, Enhanced Shockwaves  
  158  9:34  Ghost  
  158  9:37  Marine  
  159  9:38  Marine  
  159  9:39  Ghost  
  162  9:45  Supply Depot  
  162  9:46  Supply Depot, Marine  
  162  9:47  Marauder  
  165  9:55  Marine  
  165  9:56  Marine  
  166  10:04  Marauder, Marine  
  167  10:08  Marauder x2  
  167  10:12  Marine  
  169  10:14  Marine  
  169  10:16  Command Center  
  169  10:17  Liberator  
  173  10:22  Marauder  
  173  10:24  Marine  
  176  10:29  Marauder  
  176  10:30  Marauder, Marine  
  176  10:32  Marine  
  182  10:36  Barracks  
  182  10:37  Barracks  
  179  10:43  Marauder  
  179  10:44  Marauder, Liberator  
  179  10:48  Marine  
  184  10:50  Marine  
  184  10:51  Marauder x2  
  183  11:03  Liberator x2  
  157  11:04  Marauder  
  157  11:05  Marine  
  157  11:06  Marine  
  157  11:07  Liberator  
  150  11:12  Marauder x2  
  139  11:20  Marine  
  139  11:23  Marauder  
  139  11:24  Marine  
  118  11:26  Marauder  
  118  11:27  Marine, Liberator  
  119  11:33  Marine x2  
  119  11:34  Marauder  
  119  11:38  Marine  
  101  11:44  Marauder  
  101  11:46  Marine  
  92  11:47  Marauder  
  92  11:51  Marauder  
  84  11:55  Marine  
Show
View Real Time Build Order
Export as new Build Order

Rail Protoss - Winner!

Build Orders: 1 Gate Expand, Phoenix Opening, Colossus Rush 

Get SALT Encoding   

  12  0:00  Probe  
  13  0:12  Probe  
  14  0:18  Pylon  
  14  0:25  Probe (Chrono Boost)  
  15  0:36  Gateway  
  15  0:37  Probe (Chrono Boost)  
  16  0:45  Probe (Chrono Boost)  
  16  0:47  Assimilator  
  17  0:51  Probe  
  18  1:03  Probe  
  19  1:20  Nexus  
  19  1:29  Cybernetics Core  
  19  1:33  Probe  
  19  1:38  Assimilator  
  20  1:45  Probe  
  21  1:49  Pylon  
  21  1:57  Probe  
  22  2:05  Adept (Chrono Boost)  
  24  2:09  Probe  
  24  2:13  Stargate  
  25  2:22  Probe (Chrono Boost)  
  26  2:23  Warp Gate  
  26  2:28  Adept  
  28  2:32  Probe (Chrono Boost)  
  28  2:36  Probe (Chrono Boost)  
  30  2:41  Probe (Chrono Boost)  
  30  2:43  Probe (Chrono Boost)  
  32  2:46  Probe (Chrono Boost)  
  32  2:49  Probe  
  34  2:56  Phoenix  
  34  2:58  Probe  
  37  3:05  Probe  
  38  3:08  Adept  
  38  3:10  Probe  
  41  3:16  Pylon  
  41  3:17  Probe  
  42  3:22  Probe  
  42  3:23  Phoenix  
  45  3:29  Probe  
  46  3:36  Gateway  
  46  3:37  Robotics Facility  
  46  3:39  Probe  
  47  3:44  Probe  
  48  3:51  Shield Battery  
  48  3:53  Probe (Chrono Boost)  
  49  3:56  Probe (Chrono Boost), Pylon  
  49  3:57  Shield Battery  
  52  4:06  Assimilator  
  52  4:07  Probe x2 (Chrono Boost)  
  52  4:09  Assimilator  
  52  4:15  Probe (Chrono Boost), Phoenix  
  56  4:18  Probe (Chrono Boost), Sentry  
  56  4:20  Probe (Chrono Boost), Pylon  
  59  4:27  Probe  
  60  4:31  Robotics Bay  
  60  4:32  Zealot  
  60  4:38  Pylon  
  62  4:40  Observer  
  63  4:47  Nexus  
  63  4:50  Zealot  
  65  4:54  Shield Battery  
  65  5:01  Phoenix, Observer  
  65  5:05  Probe x2  
  70  5:12  Stalker  
  73  5:27  Colossus (Chrono Boost)  
  73  5:28  Pylon  
  74  5:34  Gateway  
  74  5:35  Gateway  
  78  5:36  Pylon  
  78  5:43  Extended Thermal Lance  
  78  5:46  Zealot x2  
  82  5:54  Phoenix  
  75  5:57  Probe  
  75  5:58  Probe  
  69  6:06  Zealot x2  
  69  6:10  Colossus (Chrono Boost)  
  78  6:18  Probe  
  78  6:20  Probe  
  78  6:23  Probe, Shield Battery  
  78  6:27  Forge  
  78  6:29  Forge  
  79  6:33  Probe (Chrono Boost)  
  79  6:35  Probe (Chrono Boost)  
  79  6:37  Probe (Chrono Boost)  
  81  6:43  Twilight Council, Sentry, Zealot  
  87  6:47  Probe x2 (Chrono Boost)  
  87  6:49  Probe (Chrono Boost)  
  87  6:53  Probe  
  88  6:54  Probe, Gateway  
  88  6:55  Gateway, Observer (Chrono Boost)  
  88  6:59  Probe  
  92  7:02  Protoss Ground Armor Level 1 (Chrono Boost), Protoss Ground Weapons Level 1 (Chrono Boost)  
  93  7:08  Photon Cannon  
  93  7:09  Observer  
  93  7:11  Stalker, Sentry  
  97  7:18  Pylon  
  97  7:19  Gateway  
  97  7:20  Blink (Chrono Boost), Gateway  
  97  7:27  Pylon  
  97  7:32  Nexus  
  97  7:34  Zealot  
  99  7:37  Stalker  
  99  7:41  Shield Battery  
  99  7:42  Probe x2  
  103  7:46  Disruptor  
  103  7:50  Probe  
  103  7:51  Assimilator  
  107  7:55  Stalker x2, Pylon  
  111  7:58  Stalker  
  113  8:05  Stalker x3  
  119  8:16  Stalker  
  119  8:17  Zealot  
  119  8:19  Stalker  
  125  8:21  Probe x3  
  128  8:27  Stalker  
  128  8:31  Warp Prism  
  128  8:33  Probe  
  133  8:41  Protoss Ground Weapons Level 2 (Chrono Boost), Protoss Ground Armor Level 2 (Chrono Boost)  
  133  8:43  Pylon  
  133  8:44  Pylon  
  133  8:45  Pylon  
  133  8:48  Probe, Assimilator  
  133  8:49  Probe  
  133  8:52  Stalker x2  
  139  8:59  Pylon  
  139  9:01  Stalker  
  141  9:04  Probe  
  141  9:05  Probe  
  141  9:06  Photon Cannon  
  143  9:12  Disruptor  
  143  9:13  Charge  
  146  9:19  Gateway  
  146  9:20  Gateway  
  146  9:21  Stalker  
  146  9:22  Stalker x2  
  152  9:27  Stalker, Zealot x2  
  152  9:30  Pylon  
  159  9:31  Probe x2  
  160  9:41  Stalker, Zealot  
  164  9:46  Pylon  
  164  9:47  Pylon  
  164  9:50  Disruptor  
  164  9:51  Pylon  
  167  9:54  Gateway  
  167  9:58  Gateway  
  164  10:01  Stalker x4  
  172  10:08  Stalker  
  172  10:12  Stalker x3  
  168  10:16  Stalker x2  
  172  10:26  Stalker, Zealot x3  
  178  10:28  Disruptor  
  178  10:35  Robotics Facility  
  181  10:36  Stalker x2, Assimilator  
  185  10:45  Stalker x2  
  185  10:46  Stalker x2  
  189  10:56  Stalker, Zealot x3  
  186  11:00  Zealot  
  154  11:05  Stalker  
  154  11:06  Disruptor  
  154  11:09  Stalker  
  154  11:10  Zealot x3  
  161  11:18  Stalker, Zealot x2  
  159  11:29  Stalker, Zealot x2  
  163  11:37  Stalker x2, Sentry  
  143  12:00  Stalker x4, Sentry  
  143  12:01  Stalker x2  
  151  12:03  Stalker, Zealot x4  

Tags
 
Add a new tag
Caveats
  • Supply blocks, unpowered buildings, or Contaminate may cause inaccurate times.
  • Supply counts are checked every 10 seconds.